[Event "Monday 16 April Rapid Engine Tour 12+1 Rounds 9 Starts 1600ST"]
[Site "Infinity Chess"]
[Date "2018.4.16"]
[Round "7"]
[White "Eman"]
[Black "RonWeasley"]
[Result "1/2-1/2"]
[ECO "E10"]
[WhiteElo "2464"]
[BlackElo "2468"]
[WhiteEngine "Eman 1.70-beta21 64-bit POPCNT"]
[BlackEngine "BrainFish 090218_CTG"]
[EventType "Swiss"]
[WhiteTeam ""]
[BlackTeam ""]
[PlyCount "161"]
[TimeControl "720+1"]

1. d4 Nf6 2. c4 e6 3. Nf3 d5 4. Nc3 c6 5. e3 Nbd7 6. Qc2 Bd6 7. Bd3 dxc4 
8. Bxc4 O-O 9. O-O a6 10. Rd1 b5 11. Bd3 Qc7 12. Bd2 c5 13. Ne4 c4 14. Nxd6 Qxd6 
15. Be2 Bb7 16. b3 Bd5 17. Ba5 Rfc8 18. Qb2 Ne4 19. Rdc1 f5 20. Rc2 Rc6 
21. bxc4 bxc4 22. Bb4 Qb8 23. Qa3 a5 24. Be7 Qc7 25. Rac1 Re8 26. Bh4 h6 
27. Nd2 g5 28. Nxe4 Bxe4 29. Rxc4 gxh4 30. Rxc6 Bxc6 31. Bh5 Rb8 32. Bf3 Rb6 
33. d5 Ne5 34. dxc6 Nxf3+ 35. gxf3 Rxc6 36. Rxc6 Qxc6 37. h3 Qb5 38. Kg2 Kf7 
39. Qd6 Qb4 40. Qc6 Qa3 41. Qd7+ Qe7 42. Qa4 Qb4 43. Qc6 Qa3 44. Qc4 Qb4 
45. Qc7+ Ke8 46. Kh2 Qa4 47. Kg2 Qxa2 48. Qb7 Qa3 49. Qc8+ Kf7 50. Qc7+ Kf6 
51. Qd8+ Kf7 52. Qxh4 Qa2 53. Qxh6 Qa1 54. Qh5+ Ke7 55. Qh6 a4 56. Qh7+ Kd6 
57. Qa7 a3 58. Qb8+ Kc5 59. Qc7+ Kb4 60. Qb6+ Ka4 61. Qc6+ Kb4 62. Qd6+ Ka4 
63. Qa6+ Kb3 64. Qxe6+ Kb4 65. Qd6+ Kb3 66. Qd5+ Kb4 67. Qd6+ Kb3 68. Qd5+ Kb4 
69. Qb7+ Kc4 70. Qc6+ Kb4 71. Qb6+ Ka4 72. Qc6+ Ka5 73. Qc5+ Ka4 74. Qc4+ Ka5 
75. Qc5+ Ka4 76. Qc6+ Kb4 77. Qb6+ Ka4 78. Qc7 Kb4 79. Qb7+ Ka4 80. Qa8+ Kb3 
81. Qd5+ 1/2-1/2

[Event "Monday 16 April Rapid Engine Tour 12+1 Rounds 9 Starts 1600ST"]
[Site "Infinity Chess"]
[Date "2018.4.16"]
[Round "7"]
[White "SkyPilot"]
[Black "Longin"]
[Result "1/2-1/2"]
[ECO "C53"]
[WhiteElo "2498"]
[BlackElo "2462"]
[WhiteEngine "stockfish_x64_bmi2_2018_04_07_CTG"]
[BlackEngine "Raubfisch ME262_GTZ17b_CTG"]
[EventType "Swiss"]
[WhiteTeam ""]
[BlackTeam ""]
[PlyCount "73"]
[TimeControl "720+1"]

1. e4 e5 2. Nf3 Nc6 3. Bc4 Bc5 4. c3 Nf6 5. d3 d6 6. O-O O-O 7. h3 a5 8. Nbd2 h6 
9. Re1 Be6 10. Bb5 Qb8 11. Nf1 Qa7 12. Ne3 a4 13. Re2 Qa5 14. Bxc6 bxc6 
15. Nh4 Bb6 16. Re1 Kh7 17. Nef5 Ng8 18. Qe2 Rfb8 19. Qg4 g6 20. Nf3 Rf8 
21. Ng5+ hxg5 22. Qxg5 Bxf5 23. exf5 Kg7 24. Re4 Qd5 25. f6+ Nxf6 26. Qh6+ Kg8 
27. Rh4 Nh5 28. Rxh5 gxh5 29. Qg5+ Kh7 30. Qxh5+ Kg8 31. Qg5+ Kh7 32. Qh4+ Kg8 
33. Qg5+ Kh7 34. Qh4+ Kg8 35. Qg4+ Kh7 36. Qh5+ Kg8 37. Qg5+ 1/2-1/2

[Event "Monday 16 April Rapid Engine Tour 12+1 Rounds 9 Starts 1600ST"]
[Site "Infinity Chess"]
[Date "2018.4.16"]
[Round "7"]
[White "Katzenmaier"]
[Black "Marsell"]
[Result "1-0"]
[ECO "A22"]
[WhiteElo "2504"]
[BlackElo "2470"]
[WhiteEngine "Raubfisch X38a."]
[BlackEngine "BrainFish_180408_x64_bmi2"]
[EventType "Swiss"]
[WhiteTeam ""]
[BlackTeam ""]
[PlyCount "197"]
[TimeControl "720+1"]

1. c4 e5 2. Nc3 Nf6 3. Nf3 Nc6 4. e4 Bb4 5. d3 d6 6. a3 Bc5 7. b4 Bb6 8. Be3 Bg4 
9. Be2 O-O 10. O-O Bxf3 11. Bxf3 Nd4 12. Na4 Nxf3+ 13. Qxf3 Bxe3 14. Qxe3 Re8 
15. Rfd1 Nd7 16. Rac1 Qe7 17. Nc3 a5 18. b5 Rac8 19. Rf1 c6 20. f4 exf4 
21. Qxf4 Rf8 22. Qd2 Rce8 23. Rcd1 Nc5 24. Qf2 Qg5 25. a4 f6 26. h3 Rf7 
27. Kh1 g6 28. Qb2 Nd7 29. bxc6 bxc6 30. d4 Rb8 31. Qf2 Rbf8 32. Qa2 Kg7 
33. Qa3 Nb6 34. Qb3 Rb8 35. e5 Nd7 36. Qa3 dxe5 37. Ne4 Qh4 38. Nd6 Rff8 
39. Qe3 Kh8 40. c5 Rb4 41. d5 Nb8 42. Qd2 e4 43. Qc3 Qg5 44. Rde1 Kg7 
45. Nxe4 Qe5 46. Qc2 Qb2 47. Qxb2 Rxb2 48. Nd6 Kg8 49. Re7 cxd5 50. Rc1 Nc6 
51. Rc7 Ne5 52. c6 Rb4 53. Kh2 Nd3 54. Rc2 Ne5 55. Rb7 Nxc6 56. Rxc6 Rxb7 
57. Nxb7 d4 58. Rd6 Rb8 59. Nxa5 Rb4 60. Rxf6 Kg7 61. Rd6 Rxa4 62. Nb3 d3 
63. Rd7+ Kf6 64. Rxh7 Rb4 65. Nd2 Ke6 66. Nf3 Rb8 67. Rh4 Ra8 68. Rd4 Kf5 
69. Kg3 Ra3 70. Ne1 d2+ 71. Nf3 Ra5 72. Rxd2 Ke6 73. Kf4 Rf5+ 74. Ke4 Rf6 
75. h4 Ke7 76. Ne5 Ra6 77. g4 Ke8 78. Kf4 Ke7 79. Rc2 Ra8 80. Nxg6+ Kd6 
81. Re2 Ra4+ 82. Kg5 Ra8 83. h5 Ra5+ 84. Kf6 Ra1 85. h6 Ra7 86. Re6+ Kc5 
87. Re7 Ra1 88. h7 Ra6+ 89. Ke5 Ra8 90. h8=Q Rxh8 91. Nxh8 Kb4 92. g5 Kc3 
93. g6 Kb4 94. g7 Kc3 95. Rc7+ Kd2 96. g8=Q Ke3 97. Qg2 Kd3 98. Qc2+ Ke3 
99. Rc3# 1-0

[Event "Monday 16 April Rapid Engine Tour 12+1 Rounds 9 Starts 1600ST"]
[Site "Infinity Chess"]
[Date "2018.4.16"]
[Round "7"]
[White "xeonrocks"]
[Black "Murx"]
[Result "1/2-1/2"]
[ECO "C50"]
[WhiteElo "2553"]
[BlackElo "2511"]
[WhiteEngine "Stockfish_x64_bmi2_CTG"]
[BlackEngine "asmFishW_2018-04-07_popcnt"]
[EventType "Swiss"]
[WhiteTeam ""]
[BlackTeam ""]
[PlyCount "178"]
[TimeControl "720+1"]

1. e4 e5 2. Nf3 Nc6 3. Bc4 Bc5 4. O-O Nf6 5. d3 d6 6. c3 O-O 7. Re1 a5 
8. Nbd2 Be6 9. Bb5 Qb8 10. Nf1 Qa7 11. Be3 Bxe3 12. Nxe3 Ne7 13. a4 Ng6 
14. Bc4 Nf4 15. b3 Bxc4 16. bxc4 Rae8 17. Nh4 Qb8 18. g3 Ne6 19. Nhg2 Kh8 
20. f4 exf4 21. Nxf4 Nc5 22. Re2 Qd8 23. Qc2 Qd7 24. Rf2 Ng4 25. Nxg4 Qxg4 
26. Nd5 Qd7 27. Rf3 Kg8 28. Ne3 Qh3 29. Raf1 Qe6 30. Rf4 f6 31. Rf5 Qd7 
32. Ra1 Rf7 33. Rf3 g6 34. g4 Qe6 35. h3 Kg7 36. Raf1 b6 37. R1f2 Ref8 
38. Rf1 Qe8 39. Ra1 Ne6 40. Kg2 Ng5 41. Rg3 Ne6 42. Rf3 Nc5 43. Kh1 Rh8 
44. Nd5 h5 45. gxh5 Rxh5 46. Raf1 c6 47. Nf4 Rh6 48. Rg3 Kh7 49. Kh2 Ne6 
50. Qf2 Nxf4 51. Qxf4 Qe6 52. Rb1 Rb7 53. Rb2 Rh5 54. Qf3 Rh6 55. Kg1 Rh5 
56. Rbg2 Rh6 57. Rf2 Rf7 58. Qf4 Rh5 59. Rfg2 Rh6 60. Rb2 Rb7 61. Rf3 Kg7 
62. h4 Qe5 63. d4 Qe6 64. Rd2 Rf7 65. d5 cxd5 66. Rxd5 f5 67. exf5 Rxf5 
68. Qd4+ Kf7 69. Rdxf5+ gxf5 70. Kg2 Qe2+ 71. Rf2 Rg6+ 72. Kh3 Qe1 73. Qd5+ Kg7 
74. Qxf5 Qh1+ 75. Rh2 Qe1 76. Rg2 Qh1+ 77. Rh2 Qe1 78. Rg2 Rxg2 79. Kxg2 Qxh4 
80. Qd7+ Kh8 81. Qxd6 Qe4+ 82. Kf1 Qf3+ 83. Ke1 Qxc3+ 84. Kd1 Qb3+ 85. Kc1 Qxc4+ 
86. Kb2 b5 87. axb5 Qxb5+ 88. Kc3 Kh7 89. Kd2 Qb2+ 1/2-1/2

[Event "Monday 16 April Rapid Engine Tour 12+1 Rounds 9 Starts 1600ST"]
[Site "Infinity Chess"]
[Date "2018.4.16"]
[Round "7"]
[White "ocirema"]
[Black "KRAKEN"]
[Result "1/2-1/2"]
[ECO "C50"]
[WhiteElo "2482"]
[BlackElo "2527"]
[WhiteEngine "asmFishW_2018-04-11_popcnt_CTG"]
[BlackEngine "Raubfisch X38b_CTG"]
[EventType "Swiss"]
[WhiteTeam ""]
[BlackTeam ""]
[PlyCount "123"]
[TimeControl "720+1"]

1. e4 e5 2. Nf3 Nc6 3. Bc4 Bc5 4. O-O Nf6 5. d3 d6 6. c3 a6 7. h3 O-O 8. Re1 Ba7 
9. a4 h6 10. Nbd2 Nh5 11. Nf1 Be6 12. Bd5 Qf6 13. d4 Rab8 14. Be3 exd4 
15. Nxd4 Nxd4 16. Qxh5 Nc6 17. Bxa7 Nxa7 18. e5 dxe5 19. Qxe5 Bxd5 20. Qxd5 Nc6 
21. Qc4 Rbd8 22. Rad1 Rxd1 23. Rxd1 Rd8 24. Rxd8+ Qxd8 25. b4 Qd7 26. Ne3 Nd8 
27. Kh2 Ne6 28. Qe4 c5 29. Qe5 cxb4 30. cxb4 f6 31. Qe4 Kf7 32. Nf5 Qc6 
33. Qxc6 bxc6 34. Kg3 h5 35. Kf3 g6 36. Nd6+ Ke7 37. Nb7 Kd7 38. Ke4 Kc7 
39. Nc5 Nxc5+ 40. bxc5 Kd7 41. f3 h4 42. f4 a5 43. f5 g5 44. Kf3 Ke7 45. g3 hxg3 
46. Kxg3 Ke8 47. h4 gxh4+ 48. Kxh4 Kf7 49. Kg3 Kg8 50. Kf2 Kh7 51. Kf3 Kh6 
52. Kg4 Kh7 53. Kf4 Kh8 54. Ke3 Kg7 55. Kf3 Kh8 56. Kg2 Kg7 57. Kg3 Kf7 
58. Kh4 Kg8 59. Kg3 Kg7 60. Kf3 Kf7 61. Kf2 Kg7 62. Kf3 1/2-1/2

[Event "Monday 16 April Rapid Engine Tour 12+1 Rounds 9 Starts 1600ST"]
[Site "Infinity Chess"]
[Date "2018.4.16"]
[Round "6"]
[White "MarioDeMonti"]
[Black "angriff"]
[Result "1/2-1/2"]
[ECO "C55"]
[WhiteElo "2447"]
[BlackElo "2363"]
[WhiteEngine "stockfish_x64_bmi2_2018_02_18_CTG"]
[BlackEngine "DracoREX 3.07 64BIT POPCNT_CTG"]
[EventType "Swiss"]
[WhiteTeam ""]
[BlackTeam ""]
[PlyCount "122"]
[TimeControl "720+1"]

1. e4 e5 2. Nf3 Nc6 3. Bc4 Nf6 4. d3 Bc5 5. c3 d6 6. O-O O-O 7. Bg5 h6 8. Bh4 a6 
9. Bb3 g5 10. Bg3 Ba7 11. Nbd2 Na5 12. Ba4 Nh5 13. b4 Nxg3 14. hxg3 Nc6 
15. Bxc6 bxc6 16. Nb3 Bd7 17. c4 Qe7 18. Qd2 Rab8 19. Qc3 a5 20. bxa5 h5 
21. Ne1 h4 22. gxh4 f5 23. c5 gxh4 24. Kh1 Rf7 25. Rc1 Rbf8 26. Rc2 f4 
27. Rg1 Rg7 28. d4 exd4 29. Nxd4 Qxe4 30. Qc4+ Rff7 31. Re2 Qg6 32. Qb3 Qh5 
33. Re7 h3 34. g4 Qd5+ 35. Qxd5 cxd5 36. Rxf7 Kxf7 37. c6 Bxd4 38. cxd7 Ke7 
39. Nd3 Kxd7 40. a6 f3 41. Rg3 Ke6 42. Rxf3 Rxg4 43. Rf4 Rxf4 44. Nxf4+ Ke5 
45. Nxh3 Bb6 46. f4+ Kf6 47. Kg2 d4 48. Nf2 c5 49. Nd3 c4 50. Nb4 Kg6 
51. Nd5 Bc5 52. Kf3 c3 53. Nb4 Bxb4 54. a7 c2 55. a8=Q c1=Q 56. Qe8+ Kh6 
57. Qf8+ Kh7 58. Qf7+ Kh8 59. Qf8+ Kh7 60. Qf7+ Kh8 61. Qf8+ Kh7 1/2-1/2

[Event "Monday 16 April Rapid Engine Tour 12+1 Rounds 9 Starts 1600ST"]
[Site "Infinity Chess"]
[Date "2018.4.16"]
[Round "6"]
[White "Mr Aj"]
[Black "CrapCleaner"]
[Result "1/2-1/2"]
[ECO "A05"]
[WhiteElo "2453"]
[BlackElo "2470"]
[WhiteEngine "Houdini 6_CTG"]
[BlackEngine "asmFishW_9_bmi2_CTG"]
[EventType "Swiss"]
[WhiteTeam ""]
[BlackTeam ""]
[PlyCount "123"]
[TimeControl "720+1"]

1. Nf3 Nf6 2. d4 d5 3. c4 e6 4. Nc3 c6 5. e3 Nbd7 6. Qc2 Bd6 7. Bd3 dxc4 
8. Bxc4 O-O 9. O-O a6 10. a4 Qc7 11. Rd1 b5 12. Be2 Bb7 13. b3 b4 14. Ne4 Nxe4 
15. Qxe4 c5 16. Qc2 Rac8 17. Bb2 Be7 18. Rac1 Qb8 19. Qb1 Qa8 20. Ne1 a5 
21. Bf3 cxd4 22. Bxd4 Rxc1 23. Rxc1 Bxf3 24. Nxf3 Rc8 25. h3 h6 26. Rc2 Rxc2 
27. Qxc2 Bd6 28. Qc4 Qd5 29. Qxd5 exd5 30. Kf1 g6 31. Ke2 f5 32. Ne1 Kf7 
33. Kd3 g5 34. Kd2 h5 35. Nd3 g4 36. hxg4 fxg4 37. g3 Bc7 38. Nf4 Bxf4 
39. exf4 Nb8 40. Be3 Ke6 41. Bd4 Nc6 42. Kd3 Kf5 43. Ke3 Kg6 44. Bc5 Kf5 
45. Bb6 Ke6 46. f3 Kf5 47. fxg4+ Kxg4 48. Kd2 h4 49. gxh4 Kxf4 50. Ke1 Kg4 
51. Bf2 Kf5 52. Bg3 Nd4 53. Bf2 Nxb3 54. Kd1 d4 55. Kc2 Nc5 56. Bxd4 Nxa4 
57. h5 Kg5 58. Be3+ Kxh5 59. Bd4 Kg4 60. Kb3 Kh3 61. Kxa4 Kg4 62. Kxa5 1/2-1/2

[Event "Monday 16 April Rapid Engine Tour 12+1 Rounds 9 Starts 1600ST"]
[Site "Infinity Chess"]
[Date "2018.4.16"]
[Round "6"]
[White "star99"]
[Black "KQRBNP"]
[Result "1-0"]
[ECO "A40"]
[WhiteElo "2399"]
[BlackElo "2412"]
[WhiteEngine "Cryptic Heroes 9.4B"]
[BlackEngine "Eman 1.70-beta21 64-bit POPCNT"]
[EventType "Swiss"]
[WhiteTeam ""]
[BlackTeam ""]
[PlyCount "165"]
[TimeControl "720+1"]

1. d4 e6 2. e4 a6 3. Bd3 d5 4. Nc3 Nf6 5. e5 Nfd7 6. Nce2 c5 7. c3 b5 8. Nf3 Nc6 
9. O-O b4 10. Nf4 Be7 11. Bc2 Bb7 12. Re1 c4 13. h4 h6 14. Nh2 Qa5 15. Qh5 Nf8 
16. Ne2 g6 17. Qg4 h5 18. Qf4 Qb6 19. Nf3 b3 20. axb3 cxb3 21. Bd3 a5 
22. Ng5 Nd8 23. Qg3 a4 24. Nf3 Nh7 25. Bh6 a3 26. c4 dxc4 27. Bxc4 axb2 
28. Rxa8 Bxa8 29. Rb1 Nf8 30. Bg5 Bxf3 31. Qxf3 Bxg5 32. hxg5 Nh7 33. Rxb2 Qb4 
34. Qxb3 Qxb3 35. Rxb3 Nxg5 36. Rb6 O-O 37. Nc3 h4 38. f4 Nh7 39. Ne4 Kg7 
40. Bd3 f6 41. Rd6 fxe5 42. fxe5 Rg8 43. Bc4 Rf8 44. d5 exd5 45. Bxd5 Kh6 
46. e6 Nxe6 47. Rxe6 Rd8 48. Re5 Rf8 49. Kh2 Rf1 50. Bc4 Re1 51. Re8 Re3 
52. Bf7 Nf8 53. Bd5 Nd7 54. Rh8+ Kg7 55. Rg8+ Kh6 56. Re8 Rd3 57. Bc6 Nb6 
58. Nc5 Rd1 59. Ne6 Kh7 60. Bf3 Rc1 61. Kh3 Rc4 62. Rb8 Na4 63. Rb7+ Kh6 
64. Bd5 Rc8 65. g4 hxg3 66. Rb4 Kh7 67. Rxa4 g2 68. Kxg2 Rc2+ 69. Kg3 Rc1 
70. Kf4 Kh6 71. Ra8 g5+ 72. Nxg5 Rf1+ 73. Bf3 Kg6 74. Ra6+ Kg7 75. Kf5 Rb1 
76. Ra7+ Kh8 77. Rh7+ Kg8 78. Bd5+ Kf8 79. Rf7+ Kg8 80. Rd7+ Kf8 81. Nh7+ Ke8 
82. Nf6+ Kf8 83. Rf7# 1-0

[Event "Monday 16 April Rapid Engine Tour 12+1 Rounds 9 Starts 1600ST"]
[Site "Infinity Chess"]
[Date "2018.4.16"]
[Round "6"]
[White "Thinker"]
[Black "hafaba"]
[Result "1/2-1/2"]
[ECO "C50"]
[WhiteElo "2434"]
[BlackElo "2459"]
[WhiteEngine "BrainFish_180411_x64_modern_CTG"]
[BlackEngine "Eman 1.70-beta21 64-bit POPCNT_CTG"]
[EventType "Swiss"]
[WhiteTeam ""]
[BlackTeam ""]
[PlyCount "132"]
[TimeControl "720+1"]

1. e4 e5 2. Nf3 Nc6 3. Bc4 Bc5 4. d3 Nf6 5. c3 d6 6. O-O O-O 7. h3 a5 8. Nbd2 h6 
9. Re1 Be6 10. b3 Bb6 11. a4 d5 12. Bb5 Ne7 13. exd5 Nfxd5 14. Qc2 c6 
15. Bc4 Ng6 16. d4 Ndf4 17. dxe5 Nh4 18. Bf1 Bd5 19. Re4 Nfg6 20. Bc4 Re8 
21. g3 Nxf3+ 22. Nxf3 Qd7 23. Bxd5 cxd5 24. Rg4 Qc6 25. Nd4 Bxd4 26. Rxd4 Nxe5 
27. Kg2 b5 28. axb5 Qxb5 29. Qd1 Qb7 30. Rxd5 a4 31. f3 Rac8 32. Bf4 Ng6 
33. Rxa4 Rxc3 34. Rd3 Qc6 35. Rxc3 Qxc3 36. Bc1 Rc8 37. Bd2 Qd3 38. Re4 Rd8 
39. Re2 f6 40. f4 Rd4 41. Kh2 Rd7 42. Rg2 Ne7 43. Qe2 Qxb3 44. Bb4 Kf7 
45. Bxe7 Rxe7 46. Qh5+ Kg8 47. Qc5 Qf7 48. Rd2 Re8 49. Qc2 Qe7 50. Rf2 Qe3 
51. Qd2 Kh7 52. Qxe3 Rxe3 53. Rd2 Kg6 54. Kg2 Kf5 55. Kf2 Rb3 56. Ra2 Rd3 
57. Ra5+ Ke4 58. Ra4+ Rd4 59. Ra2 g5 60. fxg5 fxg5 61. Rb2 Rd3 62. Rb4+ Rd4 
63. Rxd4+ Kxd4 64. g4 Kd3 65. Kf3 Kd4 66. Kg3 Kc5 1/2-1/2

[Event "Monday 16 April Rapid Engine Tour 12+1 Rounds 9 Starts 1600ST"]
[Site "Infinity Chess"]
[Date "2018.4.16"]
[Round "6"]
[White "KhalidOmar"]
[Black "Seliga"]
[Result "1/2-1/2"]
[ECO "C53"]
[WhiteElo "2467"]
[BlackElo "2472"]
[WhiteEngine "Eman 1.70-beta21 64-bit BMI2"]
[BlackEngine "SF9 ''A5''_CTG"]
[EventType "Swiss"]
[WhiteTeam ""]
[BlackTeam ""]
[PlyCount "107"]
[TimeControl "720+1"]

1. e4 e5 2. Nf3 Nc6 3. Bc4 Bc5 4. c3 Nf6 5. d3 O-O 6. O-O a5 7. d4 Bb6 
8. dxe5 Ng4 9. Bf4 Qe8 10. Qd5 Ne7 11. Qd2 Ng6 12. Na3 N6xe5 13. Nxe5 Nxe5 
14. Bb5 Qe7 15. Bg5 f6 16. Be3 Bxe3 17. Qxe3 d6 18. f4 Nd7 19. Bc4+ Kh8 
20. Nb5 c6 21. Nd4 d5 22. Bd3 Nc5 23. e5 Nxd3 24. Qxd3 fxe5 25. fxe5 Be6 
26. Qe3 Rxf1+ 27. Rxf1 Kg8 28. Nb3 h6 29. Qb6 d4 30. Nxd4 Bc4 31. Re1 Rf8 
32. Nf3 Bd5 33. e6 a4 34. Qd4 Bxf3 35. gxf3 Rxf3 36. Qe5 Rd3 37. Qb8+ Rd8 
38. Qf4 Rf8 39. Qe3 b5 40. Kh1 c5 41. Kg2 a3 42. bxa3 Rd8 43. Kf1 Ra8 
44. Re2 Rxa3 45. Qe5 b4 46. cxb4 cxb4 47. Rf2 Qb7 48. Kg1 Qb6 49. e7 Qg6+ 
50. Kf1 Qb1+ 51. Kg2 Qg6+ 52. Kf1 Qb1+ 53. Kg2 Qg6+ 54. Kf1 1/2-1/2

[Event "Monday 16 April Rapid Engine Tour 12+1 Rounds 9 Starts 1600ST"]
[Site "Infinity Chess"]
[Date "2018.4.16"]
[Round "6"]
[White "HerzsjeMZ"]
[Black "Eman"]
[Result "1/2-1/2"]
[ECO "B90"]
[WhiteElo "2461"]
[BlackElo "2464"]
[WhiteEngine "S_XPrO.020418.64.POPCNT"]
[BlackEngine "Eman 1.70-beta21 64-bit POPCNT"]
[EventType "Swiss"]
[WhiteTeam ""]
[BlackTeam ""]
[PlyCount "62"]
[TimeControl "720+1"]

1. e4 c5 2. Nf3 d6 3. d4 cxd4 4. Nxd4 Nf6 5. Nc3 a6 6. Be3 e5 7. Nb3 Be6 
8. Be2 Be7 9. Qd3 O-O 10. O-O Nc6 11. a3 Rc8 12. Nd5 Nd7 13. h3 Bg5 14. Bg4 Bxg4 
15. hxg4 Bxe3 16. Nxe3 Qg5 17. Qd2 Nf6 18. f3 h5 19. Nd5 Qxd2 20. Nxf6+ gxf6 
21. Nxd2 hxg4 22. fxg4 Na5 23. Rxf6 Rxc2 24. Rxd6 Rxb2 25. Rf1 Rc8 26. Rd7 Rcc2 
27. Rfxf7 Rxd2 28. Rg7+ Kf8 29. Rgf7+ Kg8 30. Rg7+ Kf8 31. Rgf7+ Kg8 1/2-1/2

[Event "Monday 16 April Rapid Engine Tour 12+1 Rounds 9 Starts 1600ST"]
[Site "Infinity Chess"]
[Date "2018.4.16"]
[Round "6"]
[White "RonWeasley"]
[Black "SkyPilot"]
[Result "1/2-1/2"]
[ECO "E73"]
[WhiteElo "2467"]
[BlackElo "2499"]
[WhiteEngine "BrainFish 090218_CTG"]
[BlackEngine "stockfish_x64_bmi2_2018_04_07_CTG"]
[EventType "Swiss"]
[WhiteTeam ""]
[BlackTeam ""]
[PlyCount "60"]
[TimeControl "720+1"]

1. d4 Nf6 2. c4 g6 3. Nc3 Bg7 4. e4 d6 5. Be2 O-O 6. Nf3 e5 7. O-O Nc6 8. d5 Ne7 
9. Ne1 Ne8 10. f3 f5 11. Be3 f4 12. Bf2 g5 13. Nd3 Nf6 14. c5 Ng6 15. a4 h5 
16. b4 g4 17. Qe1 Nh7 18. Kh1 Ng5 19. Nb2 Rf7 20. Nc4 Bf8 21. Qd1 dxc5 
22. bxc5 g3 23. hxg3 Bxc5 24. gxf4 Nxf4 25. Bxc5 Nxe4 26. Nxe4 Qh4+ 27. Kg1 Nh3+ 
28. Kh1 Nf4+ 29. Kg1 Nh3+ 30. Kh1 Nf4+ 1/2-1/2

[Event "Monday 16 April Rapid Engine Tour 12+1 Rounds 9 Starts 1600ST"]
[Site "Infinity Chess"]
[Date "2018.4.16"]
[Round "6"]
[White "Murx"]
[Black "Marsell"]
[Result "1/2-1/2"]
[ECO "D15"]
[WhiteElo "2513"]
[BlackElo "2468"]
[WhiteEngine "asmFishW_2018-04-07_popcnt"]
[BlackEngine "BrainFish_180408_x64_bmi2"]
[EventType "Swiss"]
[WhiteTeam ""]
[BlackTeam ""]
[PlyCount "179"]
[TimeControl "720+1"]

1. d4 d5 2. c4 c6 3. Nf3 Nf6 4. Nc3 e6 5. e3 Nbd7 6. Bd3 dxc4 7. Bxc4 b5 
8. Be2 Bb7 9. O-O b4 10. Na4 Be7 11. a3 a5 12. axb4 axb4 13. Bd2 O-O 14. Qc2 c5 
15. Nxc5 Nxc5 16. dxc5 b3 17. Rxa8 Bxa8 18. Qc1 Ne4 19. Rd1 Qc7 20. Nd4 Nxc5 
21. f3 Rc8 22. Be1 e5 23. Nf5 Bf8 24. e4 Bb7 25. h3 h5 26. Qc3 Qb6 27. Qb4 Qc7 
28. Rc1 Qd7 29. Qd2 Qxd2 30. Bxd2 Na4 31. Bc4 Nxb2 32. Bxb3 Rxc1+ 33. Bxc1 Nd3 
34. Be3 Ba6 35. Bb6 g6 36. Ne3 Be7 37. g3 h4 38. Kg2 hxg3 39. Kxg3 Bd6 
40. h4 Kg7 41. h5 f6 42. hxg6 Kxg6 43. Bd8 Nf4 44. Nf5 Bb4 45. Kg4 Bc8 
46. Ba4 Kf7 47. Kg3 Ne2+ 48. Kf2 Nd4 49. Nxd4 Bc5 50. Kg3 Bxd4 51. Bb5 Be3 
52. Be2 Bd7 53. Bc4+ Kg6 54. Kg2 Ba4 55. Be7 Be8 56. Kh3 Bg5 57. Kg4 Bd7+ 
58. Kg3 Be3 59. Bf8 Bf4+ 60. Kf2 Ba4 61. Ba3 Bg5 62. Be6 Bb5 63. Bf5+ Kf7 
64. Bb4 Kg7 65. Bc5 Bh4+ 66. Ke3 Bg5+ 67. Kf2 Bc6 68. Ke2 Bb5+ 69. Kd1 Bh4 
70. Be3 Kf7 71. Bc5 Bg3 72. Kd2 Ba6 73. Bg4 Bf4+ 74. Kd1 Bc4 75. Bg1 Bb5 
76. Bf2 Ba4+ 77. Ke2 Bb3 78. Bh5+ Ke6 79. Bc5 Bc4+ 80. Kd1 Bb3+ 81. Ke2 f5 
82. exf5+ Kxf5 83. Bg4+ Kf6 84. Kf2 Bg5 85. Ke2 Bc4+ 86. Kd1 Bf4 87. Ke1 Ba2 
88. Bg1 Be6 89. Bf2 Bxg4 90. fxg4 1/2-1/2

[Event "Monday 16 April Rapid Engine Tour 12+1 Rounds 9 Starts 1600ST"]
[Site "Infinity Chess"]
[Date "2018.4.16"]
[Round "6"]
[White "KRAKEN"]
[Black "Deep_Impact"]
[Result "1-0 "]
[ECO "D11"]
[WhiteElo "2515"]
[BlackElo "2408"]
[WhiteEngine "Raubfisch X38b_CTG"]
[BlackEngine "asmFishW_2018-04-07_bmi2"]
[EventType "Swiss"]
[WhiteTeam ""]
[BlackTeam ""]
[PlyCount "218"]
[TimeControl "720+1"]

1. d4 d5 2. c4 c6 3. Nf3 Nf6 4. e3 e6 5. b3 c5 6. Bb2 cxd4 7. Nxd4 e5 8. Nf3 Nc6 
9. a3 Bd6 10. cxd5 Nxd5 11. Nbd2 f6 12. b4 Be6 13. Bd3 Qd7 14. O-O Rd8 
15. Qb1 g6 16. Ne4 Be7 17. Rd1 O-O 18. h4 Qe8 19. h5 Nb6 20. Bc3 Nd5 21. Be1 Kg7 
22. Ng3 Qf7 23. Qb2 a6 24. b5 axb5 25. Bxb5 Rd7 26. a4 Rc7 27. Bd3 Rfc8 
28. Be4 Ndb4 29. Rab1 Kg8 30. a5 Bf8 31. Rbc1 Na2 32. Rc2 Nab4 33. Bxb4 Nxb4 
34. Rxc7 Rxc7 35. Rd8 Qe7 36. Ra8 f5 37. Bb1 e4 38. Nd4 Bd5 39. Nge2 Rd7 
40. Nf4 Bf7 41. Bc2 Nxc2 42. Qxc2 Rd8 43. Ra7 g5 44. Nh3 Bd5 45. Nxf5 Qe5 
46. g4 h6 47. Qb1 Bd6 48. Nxd6 Qxd6 49. a6 bxa6 50. Qa1 Qf8 51. Rxa6 Rd6 
52. Qa5 Bb7 53. Qa2+ Bd5 54. Qa4 Rf6 55. Qb5 Rd6 56. Kg2 Qf3+ 57. Kh2 Qf8 
58. Ra4 Kg7 59. Ra5 Kg8 60. Ra4 Rd8 61. Qb6 Rd6 62. Qc5 Qf6 63. Qc8+ Rd8 
64. Qc7 Re8 65. Rb4 Bf7 66. Rb6 Re6 67. Rb5 Kg7 68. Rf5 Qe7 69. Qc3+ Kg8 
70. Kg2 Rd6 71. Qb2 Rc6 72. Qb8+ Kh7 73. Ra5 Qd7 74. Kg3 Qc8 75. Qb4 Qc7+ 
76. Kg2 Bc4 77. Qa4 Qd6 78. Ra7+ Kg8 79. Ra8+ Kg7 80. Ng1 Qf6 81. Ra7+ Kg8 
82. Qb4 Rc8 83. Qb7 Re8 84. Qh7+ Kf8 85. Ra5 Bg8 86. Qb7 Be6 87. Qxe4 Bd7 
88. Qc4 Qe6 89. Qxe6 Rxe6 90. Kf3 Bc6+ 91. Kg3 Bd7 92. Ra3 Bb5 93. Nf3 Ba6 
94. Nd4 Rb6 95. Nf5 Re6 96. f3 Kg8 97. e4 Rb6 98. Ra5 Bf1 99. Ra1 Bd3 
100. Ra8+ Kf7 101. Ra7+ Kf8 102. Rd7 Rb3 103. Rd8+ Kf7 104. Nxh6+ Ke7 
105. Rd5 Ke6 106. Kf2 Rb2+ 107. Ke3 Bc4 108. Rxg5 Rb3+ 109. Kf2 Kd6 1-0

[Event "Monday 16 April Rapid Engine Tour 12+1 Rounds 9 Starts 1600ST"]
[Site "Infinity Chess"]
[Date "2018.4.16"]
[Round "6"]
[White "Longin"]
[Black "xeonrocks"]
[Result "1/2-1/2"]
[ECO "C50"]
[WhiteElo "2458"]
[BlackElo "2557"]
[WhiteEngine "Raubfisch ME262_GTZ17b_CTG"]
[BlackEngine "Stockfish_x64_bmi2_CTG"]
[EventType "Swiss"]
[WhiteTeam ""]
[BlackTeam ""]
[PlyCount "97"]
[TimeControl "720+1"]

1. e4 e5 2. Nf3 Nc6 3. Bc4 Bc5 4. O-O Nf6 5. d3 d6 6. c3 a5 7. Re1 Ba7 
8. Nbd2 O-O 9. Nf1 Be6 10. Bxe6 fxe6 11. a4 Qe8 12. Qb3 Nh5 13. Be3 Nf4 
14. Bxa7 Nxa7 15. Re3 Rb8 16. d4 Nc6 17. Qb5 Qg6 18. Ng3 h5 19. Kh1 exd4 
20. cxd4 Nb4 21. Rd1 b6 22. Qf1 d5 23. Ne5 Qe8 24. exd5 exd5 25. Ne2 Ne6 
26. f4 c5 27. Nf3 Qg6 28. Ne5 Qe8 29. Nf3 Qd7 30. g3 cxd4 31. Re5 d3 32. Nc1 Nc5 
33. Nxd3 Nbxd3 34. Rxd3 Nxd3 35. Qxd3 Rfe8 36. Rxh5 Re4 37. Rxd5 Qe6 
38. Rd8+ Rxd8 39. Qxd8+ Qe8 40. Qd5+ Kh8 41. b3 Re3 42. Ne5 Kh7 43. Nf7 Re2 
44. Ne5 Qh5 45. Qd3+ Kg8 46. Qd8+ Kh7 47. Qd3+ Kh8 48. Qd8+ Kh7 49. Qd3+ 1/2-1/2

[Event "Monday 16 April Rapid Engine Tour 12+1 Rounds 9 Starts 1600ST"]
[Site "Infinity Chess"]
[Date "2018.4.16"]
[Round "6"]
[White "ocirema"]
[Black "Katzenmaier"]
[Result "1/2-1/2"]
[ECO "C65"]
[WhiteElo "2481"]
[BlackElo "2505"]
[WhiteEngine "asmFishW_2018-04-11_popcnt_CTG"]
[BlackEngine "Raubfisch X38a."]
[EventType "Swiss"]
[WhiteTeam ""]
[BlackTeam ""]
[PlyCount "111"]
[TimeControl "720+1"]

1. e4 e5 2. Nf3 Nc6 3. Bb5 Nf6 4. d3 Bc5 5. c3 O-O 6. O-O d6 7. h3 Ne7 8. d4 Bb6 
9. Re1 Ng6 10. Bd3 Re8 11. Nbd2 c6 12. Bc2 h6 13. a4 Bc7 14. Bb1 Nh5 15. Nf1 Be6 
16. Bc2 a5 17. Ra3 Rb8 18. Be3 Nhf4 19. Ng3 Qf6 20. Bb3 Rf8 21. d5 cxd5 
22. exd5 Bd7 23. c4 Qd8 24. c5 Rc8 25. Ba2 Bb8 26. Rc3 Re8 27. Bb3 dxc5 
28. Bxc5 b6 29. Ba3 Rxc3 30. bxc3 Kh8 31. Qb1 Qf6 32. Qe4 Bd6 33. Bxd6 Qxd6 
34. c4 Kg8 35. Bc2 Rc8 36. Rb1 Qc7 37. Bb3 Rf8 38. Qe3 Rb8 39. Rd1 f6 
40. Ne4 Kh8 41. Nc3 Qc8 42. Rd2 Qc5 43. Kh2 Qb4 44. Nb5 Re8 45. Rd1 e4 
46. Nd2 Qe7 47. Bc2 f5 48. g3 Nxh3 49. f4 Bxb5 50. axb5 Nhxf4 51. gxf4 Qh4+ 
52. Qh3 Qf2+ 53. Qg2 Qh4+ 54. Qh3 Qf2+ 55. Qg2 Qh4+ 56. Qh3 1/2-1/2